AoeStats
← NPG | NUNCAPUEDOGANAR

Arena

510302166Analyzed
1v1 RM · 17h ago on Sep 30, 2026· 59m 0s· 2 players
Game mode
Random Map
Map size
Tiny (2 player)
Population
200
Speed
Normal
Resources
Standard
Victory
Conquest
Starting age
Dark Age
Ending age
Imperial Age
RankedLock teamsTeams togetherTeam positionsShared explorationLock speedFull tech treeHidden civsTurbo modeCheats
Victory
Defeat
🇨🇱 Khmer · Chile
786
+17
🇫🇷 Franks · France
806
-17
NPG | NUNCAPUEDOGANAR
10:03 Feudal Age
11:33 Double-Bit Axe
13:58 Horse Collar
16:52 Castle Age
20:37 Bloodlines
21:56 Light Cavalry
22:45 Scale Barding Armor
25:41 Bow Saw
26:07 Forging
29:01 Chain Barding Armor
34:18 Imperial Age
33:41 Iron Casting
34:45 Wheelbarrow
33:57 Town Watch
36:35 Conscription
37:21 Loom
37:53 Hand Cart
37:31 Heavy Scorpion
38:16 Tusk Swords
40:12 Plate Barding Armor
41:44 Gold Mining
42:02 Heavy Plow
45:19 Scale Mail Armor
46:02 Pikeman
46:28 Arson
47:02 Chain Mail Armor
47:48 Blast Furnace
46:39 Fletching
48:19 Halberdier
48:28 Hussar
49:10 Husbandry
48:34 Elite Battle Elephant
53:27 Chemistry
52:48 Ballistics
54:43 Double Crossbow
54:50 Murder Holes
robin-21
2:12 Loom
13:07 Feudal Age
14:20 Double-Bit Axe
14:27 Gold Mining
19:28 Castle Age
19:03 Stone Mining
22:27 Husbandry
24:57 Bow Saw
25:24 Gold Shaft Mining
29:41 Imperial Age
30:06 Forging
31:20 Onager
33:39 Iron Casting
33:10 Scale Barding Armor
33:53 Wheelbarrow
35:09 Hand Cart
35:36 Light Cavalry
37:24 Blast Furnace
36:28 Cavalier
38:54 Chain Barding Armor
39:02 Paladin
41:18 Conscription
41:00 Chivalry
41:50 Town Watch
42:46 Ordonnance Companies
43:30 Padded Archer Armor
43:21 Fletching
43:55 Masonry
43:25 Treadmill Crane
44:06 Ballistics
43:56 Siege Engineers
44:18 Cranequins
44:19 Heavy Mounted Crossbowman
45:00 Bodkin Arrow
45:21 Leather Archer Armor
45:41 Plate Barding Armor
57:05 Hoardings
57:03 Architecture
Connection lost

Rejoining the realm…

Still unreachable

The connection could not be restored.

Session expired

The server has moved on; the page needs a fresh start.